 Dungeon Crawl Stone Soup version 0.23-a0-32-g1388f29 (webtiles) character file.

1760 Loudmushroom the Cleaver (level 8, -4/73 HPs)
             Began as a Minotaur Berserker on Aug 4, 2018.
             Was an Elder of Trog.
             Slain by a hell rat (12 damage)
             ... on level 8 of the Dungeon.
             The game lasted 00:34:17 (6675 turns).

Loudmushroom the Cleaver (Minotaur Berserker)       Turns: 6675, Time: 00:34:18

Health: -4/73      AC: 11    Str: 23    XL:     8   Next: 79%
Magic:  7/7        EV: 11    Int:  4    God:    Trog [****..]
Gold:   276        SH:  3    Dex: 11    Spells: 7/7 levels left

rFire    . . .     SeeInvis +   a - +1 hand axe
rCold    . . .     Gourm    .   i - +0 buckler
rNeg     + . .     Faith    .   q - +1 scale mail {rN+}
rPois    .         Spirit   .   (helmet restricted)
rElec    .         Reflect  .   s - +0 cloak
rCorr    .         Harm     .   n - +0 pair of gloves
MR       .....                  (no boots)
Stlth    ..........             (no amulet)
HPRegen  0.22/turn              j - ring of see invisible
MPRegen  0.10/turn              (no ring)

@: drained
A: retaliatory headbutt, horns 2
a: Berserk, Trog's Hand, Brothers in Arms, Renounce Religion


You were on level 8 of the Dungeon.
You worshipped Trog.
Trog was greatly pleased with you.
You were not hungry.

You visited 1 branch of the dungeon, and saw 8 of its levels.

You collected 276 gold pieces.

Inventory:

Hand Weapons
 a - a +1 hand axe (weapon)
 D - a +0 falchion of flaming
Missiles
 e - 33 sling bullets
 f - 235 stones
 m - 82 bolts
 r - 108 arrows
 t - 4 tomahawks (quivered)
 v - 18 poisoned needles
 A - 4 curare-tipped needles
Armour
 g - a +4 ring mail of fire resistance
 i - a +0 buckler (worn)
 n - a +0 pair of gloves (worn)
 q - a +1 scale mail of positive energy (worn)
 s - a +0 cloak (worn)
Jewellery
 j - a ring of see invisible (left hand)
 y - an uncursed ring of stealth {unknown}
Wands
 d - a wand of acid (10)
 B - a wand of random effects (21)
Scrolls
 b - 3 scrolls of fear
 l - a scroll of teleportation
 E - 2 scrolls of fog
 G - 3 scrolls of remove curse
Potions
 h - 3 potions of flight
 k - a potion of experience {unknown}
 o - a potion of heal wounds
 p - 2 potions of cancellation
 u - a potion of resistance {unknown}
 w - a potion of haste {unknown}
 x - a potion of might {unknown}
 C - 3 potions of curing {unknown}
Comestibles
 c - 9 rations
 z - a chunk of flesh


   Skills:
 + Level 7.0(6.3) Fighting
 * Level 9.3(8.5) Axes
 + Level 6.5(5.7) Armour
 + Level 6.0(5.2) Dodging


You had 7 spell levels left.
You didn't know any spells.
Your spell library contained the following spells:

 Spells                   Type           Power        Failure   Level  Hunger
 Summon Small Mammal      Summ           #...         92%         1    ##.....
 Summon Ice Beast         Ice/Summ       #.......     100%        4    #####..
 Call Imp                 Summ           #.......     98%         2    ###....
 Call Canine Familiar     Summ           #.......     100%        3    ####...
 Summon Lightning Spire   Summ/Air       #.......     100%        4    #####..
 Summon Guardian Golem    Hex/Summ       #.......     100%        3    ####...


Dungeon Overview and Level Annotations

Branches:
Dungeon (8/15)             Temple (0/1) D:5
   Lair: D:8-11

Altars:
Okawaru
Qazlal
Trog
Uskayaw
Xom

Shops:
D:5 :   D:6 =


Innate Abilities, Weirdness & Mutations

You reflexively headbutt those who attack you in melee.
You have a pair of horns on your head.


Message History

You feel drained. The hell rat bites you.
* * * LOW HITPOINT WARNING * * *
You partially resist.
You feel drained. The hell rat closely misses you.
You barely miss the hell rat.
The hell rat is almost dead.
You barely miss the river rat. You hit the hell rat but do no damage.
You closely miss the hell rat.
The hell rat bites you but does no damage.
The river rat bites you but does no damage.
The hell rat barely misses you. The hell rat bites you.
* * * LOW HITPOINT WARNING * * *
You hit the hell rat but do no damage.
The hell rat is almost dead.
You barely miss the river rat. You hit the hell rat but do no damage.
You barely miss the hell rat. The hell rat bites you!
* * * LOW HITPOINT WARNING * * *
The river rat barely misses you. You furiously retaliate!
You headbutt the river rat, but do no damage.
The hell rat bites you!
You die...

##.##
##.#.#
#.#.##
##.##
#.##
#†###
##††#
#r#.# #@#
# #.rrr#
#...#r#
#.#..##r#
..#.##.
r# .####
. r # # .
..


You could see 3 hell rats, 4 river rats and a rat.

Vanquished Creatures
  The ghost of azzavlup the Skirmisher, an amateur OgBe of Trog (D:5)
  A hungry ghost (D:7)
  Duvessa (D:7)
  A bullfrog (D:6)
  Dowan (D:7)
  2 howler monkeys
  4 crimson imps
  A jelly (D:5)
  Crazy Yiuf (D:3)
  2 hounds
  4 orc wizards
  A centaur skeleton (D:6)
  2 orc priests (D:6)
  A gnoll shaman (D:4)
  A bullfrog skeleton (D:7)
  Ijyb (D:5)
  A hell rat (D:8)
  Natasha (twice) (D:3)
  5 worker ants
  Terence (D:2)
  A hound zombie (D:5)
  A hound skeleton (D:4)
  7 gnolls
  9 adders
  A howler monkey skeleton (D:6)
  A river rat (D:8)
  A shadow imp (D:6)
  An adder skeleton (D:5)
  2 worms
  2 dart slugs
  3 leopard geckos
  9 orcs
  A ball python (D:2)
  13 bats
  6 giant cockroaches
  9 goblins
  7 hobgoblins
  6 jackals
  7 kobolds
  8 quokkas
  7 frilled lizards
  A jackal skeleton (D:4)
  A leopard gecko skeleton (D:4)
  21 rats
159 creatures vanquished.

Notes
Turn   | Place    | Note
-------+----------+-------------------------------------------
     0 | D:1      | Loudmushroom the Minotaur Berserker began the quest for the Orb.
     0 | D:1      | Reached XP level 1. HP: 19/19 MP: 0/0
   128 | D:1      | Reached XP level 2. HP: 21/27 MP: 1/1
   134 | D:1      | Reached skill level 4 in Axes
   590 | D:1      | Reached XP level 3. HP: 33/33 MP: 2/2
   766 | D:1      | Reached ** piety under Trog
  1362 | D:2      | Noticed Terence
  1370 | D:2      | Killed Terence
  1370 | D:2      | Reached XP level 4. HP: 32/40 MP: 3/3
  1460 | D:2      | Found an iron altar of Okawaru.
  1587 | D:2      | Found a stormy altar of Qazlal.
  1736 | D:2      | Reached skill level 5 in Axes
  1810 | D:3      | Noticed Natasha
  1827 | D:3      | Killed Natasha
  1834 | D:3      | Reached XP level 5. HP: 16/47 MP: 4/4
  2347 | D:3      | Found a shimmering altar of Xom.
  2349 | D:3      | Reached *** piety under Trog
  2460 | D:3      | Found a runed door.
  2464 | D:3      | Noticed Crazy Yiuf
  2468 | D:3      | Paralysed by Crazy Yiuf for 4 turns
  2479 | D:3      | Killed Crazy Yiuf
  2479 | D:3      | Reached XP level 6. HP: 55/55 MP: 5/5
  2631 | D:3      | Noticed Natasha
  2637 | D:3      | Killed Natasha
  2651 | D:3      | Reached skill level 6 in Axes
  2719 | D:3      | Reached skill level 5 in Fighting
  3864 | D:5      | Entered Level 5 of the Dungeon
  3874 | D:5      | Reached XP level 7. HP: 61/61 MP: 6/6
  3875 | D:5      | Noticed Ijyb
  3886 | D:5      | Killed Ijyb
  3974 | D:5      | Reached **** piety under Trog
  4050 | D:5      | Noticed azzavlup's ghost (amateur OgBe)
  4057 | D:5      | Found a runed door.
  4074 | D:5      | Killed azzavlup's ghost
  4074 | D:5      | Reached skill level 7 in Axes
  4074 | D:5      | Reached skill level 5 in Armour
  4160 | D:5      | Found a staircase to the Ecumenical Temple.
  4185 | D:5      | Found Satitu's Book Emporium.
  4449 | D:6      | Found Dumop's Jewellery Boutique.
  4682 | D:6      | Reached skill level 5 in Dodging
  4682 | D:6      | Reached XP level 8. HP: 28/70 MP: 7/7
  4689 | D:6      | Reached skill level 8 in Axes
  5536 | D:6      | Found a hide-covered altar of Uskayaw.
  5619 | D:7      | Noticed Duvessa
  5619 | D:7      | Noticed Dowan
  5633 | D:7      | Killed Dowan
  5641 | D:7      | Killed Duvessa
  6294 | D:7      | Reached skill level 9 in Axes
  6479 | D:7      | Found a bloodstained altar of Trog.
  6675 | D:8      | Slain by a hell rat

Vault maps used:
D:1:      dpeg_arrival_subterranean_lakeside_camping
D:2:      lemuel_crystal_altar, overflow_temple_1_default, first_ration,
          uniq_terence
D:3:      led_xom_imps, uniq_crazy_yiuf_cottage, uniq_natasha
D:4:      grunt_tough_drop
D:5:      temple_statues, hellmonk_ghost_happy_afterlife, serial_shops, shop,
          nicolae_underground_beach, uniq_ijyb
D:6:      kennysheep_little_box, serial_shops, nicolae_shop_behind_doors,
          hangedman_abyss_or_decor_stagger
D:7:      marbit_many_paths, uniq_duvessa
D:8:      lemuel_ratsnest

Skill      XL: |  1  2  3  4  5  6  7  8 |
---------------+-------------------------+-----
Axes           | 4 5 6 7 9 |  9.3
Fighting       | 4 5 6 7 |  7.0
Armour         | 3 4 5 6 |  6.5
Dodging        | 3 4 5 6 |  6.0

Action                   |  1- 3 |  4- 6 |  7- 9 || total
-------------------------+-------+-------+-------++-------
Melee: Hand axe          |    84 |   183 |   169 ||   436
       Headbutt          |     8 |    35 |    39 ||    82
Throw: Tomahawk          |       |       |     9 ||     9
Invok: Berserk           |       |     1 |     1 ||     2
       Trog's Hand       |       |     1 |     3 ||     4
  Use: Scroll            |       |    11 |     3 ||    14
 Stab: Sleeping          |     1 |       |       ||     1
       Distracted        |     1 |       |       ||     1
       Invisible         |       |     2 |       ||     2
  Eat: Chunk             |     1 |     6 |     6 ||    13
       Ration            |       |     1 |     2 ||     3
Armor: Animal skin       |    17 |       |       ||    17
       Ring mail         |     7 |    21 |       ||    28
       Scale mail        |       |    15 |    71 ||    86
       Chain mail        |       |    48 |       ||    48
Dodge: Dodged            |    64 |    93 |   118 ||   275
Block: Buckler           |       |       |     4 ||     4

Table legend:
 A = Spawn XP
 B = Non-spawn XP
 C = Spawn XP percentage of total XP
 D = Spawn monster count
 E = Non-spawn monster count
 F = Spawn count percentage of total count
 G = Total turns spent on level
                    A         B        C        D         E        F      G
               +---------+---------+-------+---------+---------+-------+---------
         Total |       0 |    2515 |   0.0 |       0 |     159 |   0.0 |  6675
               +---------+---------+-------+---------+---------+-------+---------
           D:1 |       0 |      56 |   0.0 |       0 |      35 |   0.0 |  1187
           D:2 |       0 |      95 |   0.0 |       0 |      25 |   0.0 |   619
           D:3 |       0 |     365 |   0.0 |       0 |      19 |   0.0 |  1113
           D:4 |       0 |     215 |   0.0 |       0 |      20 |   0.0 |   945
           D:5 |       0 |     537 |   0.0 |       0 |      13 |   0.0 |   569
           D:6 |       0 |     506 |   0.0 |       0 |      22 |   0.0 |  1185
           D:7 |       0 |     651 |   0.0 |       0 |      11 |   0.0 |   959
           D:8 |       0 |      90 |   0.0 |       0 |      14 |   0.0 |    98
               +---------+---------+-------+---------+---------+-------+---------
